Map: Year Zero LE

Players

MarineLorD

  • Race: Terran Terran
  • League: Master
  • Spawn Location: 1:00

Lambo - Winner!

  • Race: Zerg Zerg
  • League: Master
  • Spawn Location: 11:00

VOD

Have the link to the VOD?

Description

Time

  • Played on: Jan. 25, 2019, 1:50 p.m.
  • Length: 9:42
Show
View Real Time Build Order
Export as new Build Order

MarineLorD Terran 

Build Orders: Gas First Reaper Expand, Hellion Banshee 

Get SALT Encoding   

  12  0:00  SCV  
  13  0:12  SCV  
  14  0:17  Supply Depot  
  14  0:24  SCV  
  15  0:31  Refinery  
  15  0:39  SCV  
  16  0:45  Barracks  
  16  0:51  SCV  
  17  1:03  SCV  
  18  1:15  SCV  
  19  1:32  Reaper, Orbital Command  
  20  1:44  Command Center  
  20  1:57  SCV  
  20  1:59  Factory  
  21  2:09  Barracks Reactor  
  21  2:10  SCV  
  21  2:15  Supply Depot  
  22  2:17  Refinery  
  22  2:22  SCV  
  24  2:37  SCV  
  24  2:45  Starport  
  24  2:49  SCV  
  24  2:50  Hellion x2  
  24  2:51  Marine  
  30  2:58  Orbital Command  
  30  3:01  SCV  
  31  3:11  Hellion x2  
  35  3:14  SCV  
  35  3:18  Barracks Tech Lab  
  36  3:25  SCV, Medivac  
  36  3:26  SCV  
  40  3:35  Supply Depot  
  40  3:38  SCV  
  40  3:39  SCV  
  42  3:44  Hellion x2  
  46  3:57  SCV  
  46  3:59  Supply Depot  
  46  4:02  SCV  
  48  4:06  Hellion x2  
  48  4:09  SCV  
  53  4:13  Armory  
  53  4:14  SCV  
  54  4:19  Supply Depot  
  54  4:21  SCV  
  54  4:26  SCV  
  54  4:27  Cloaking Field  
  55  4:33  SCV  
  55  4:34  Banshee  
  55  4:38  SCV  
  60  4:45  SCV, Supply Depot  
  60  4:50  SCV  
  62  4:54  Command Center  
  62  4:57  SCV  
  63  5:02  SCV, Supply Depot  
  64  5:10  SCV  
  65  5:14  SCV  
  65  5:16  Hellion x2  
  65  5:19  Banshee  
  73  5:22  SCV  
  73  5:26  SCV  
  74  5:32  Refinery  
  74  5:33  Refinery  
  74  5:34  SCV  
  75  5:37  Terran Vehicle Weapons Level 1  
  75  5:38  SCV, Armory  
  76  5:46  SCV, Barracks Tech Lab  
  76  5:47  Factory  
  76  5:48  Factory  
  77  5:50  SCV  
  77  6:06  SCV x2  
  77  6:07  Supply Depot, Orbital Command  
  77  6:11  Supply Depot, Hellion x10  
  76  6:18  SCV  
  77  6:21  SCV  
  76  6:29  Hellion x2  
  76  6:30  Terran Vehicle And Ship Armor Level 1, SCV  
  76  6:31  Supply Depot  
  76  6:32  Barracks Reactor  
  81  6:33  SCV  
  81  6:35  Orbital Command  
  82  6:42  SCV  
  82  6:45  SCV  
  84  6:48  Supply Depot  
  84  6:50  Supply Depot  
  84  6:54  SCV  
  84  6:57  Cyclone x2  
  84  6:58  Infernal Pre-Igniter, Mag-Field Accelerator  
  84  7:00  SCV  
  92  7:01  Refinery  
  92  7:02  Refinery  
  92  7:06  SCV  
  93  7:12  SCV  
  93  7:13  Factory x2  
  94  7:18  SCV  
  94  7:20  Supply Depot  
  95  7:24  SCV  
  92  7:30  Hellion x2  
  92  7:31  SCV  
  92  7:36  SCV  
  97  7:40  Supply Depot  
  97  7:43  SCV  
  98  7:48  SCV  
  98  7:50  Cyclone  
  96  7:53  SCV  
  96  7:55  SCV  
  96  7:57  Supply Depot  
  94  7:59  Supply Depot  
  94  8:00  SCV  
  94  8:01  Factory Tech Lab, Factory Reactor  
  94  8:05  SCV  
  96  8:07  SCV  
  96  8:12  SCV  
  98  8:14  Cyclone  
  98  8:17  SCV  
  98  8:19  SCV  
  103  8:24  SCV  
  103  8:26  Hellbat  
  103  8:27  Cyclone x2, Hellbat  
  114  8:30  SCV  
  114  8:31  SCV, Supply Depot  
  113  8:37  Command Center  
  113  8:43  Supply Depot  
  113  8:52  Supply Depot  
  116  8:55  Cyclone  
  107  9:06  Cyclone x2, Hellion x4  
  112  9:15  Supply Depot  
Show
View Real Time Build Order
Export as new Build Order

Lambo Zerg - Winner!

Build Orders: Hatch First 

Get SALT Encoding   

  12  0:01  Drone  
  13  0:13  Overlord  
  13  0:17  Drone  
  14  0:31  Drone x2  
  16  0:50  Hatchery  
  16  0:53  Drone  
  16  0:57  Drone  
  16  1:00  Drone  
  18  1:07  Drone  
  19  1:11  Extractor  
  18  1:19  Spawning Pool  
  18  1:22  Drone  
  18  1:28  Drone  
  19  1:41  Drone  
  20  1:57  Overlord  
  20  2:05  Queen x2  
  20  2:06  Zergling x4  
  26  2:14  Metabolic Boost  
  26  2:17  Drone x2  
  28  2:23  Drone x2  
  30  2:43  Hatchery  
  29  2:44  Drone  
  29  2:50  Queen  
  32  2:52  Drone  
  32  2:57  Drone  
  34  2:59  Overlord  
  34  3:03  Drone  
  35  3:06  Drone  
  36  3:17  Overlord  
  36  3:18  Drone  
  36  3:19  Drone x2  
  39  3:21  Queen  
  39  3:24  Drone  
  39  3:26  Drone  
  43  3:28  Drone  
  44  3:35  Drone, Queen  
  47  3:42  Drone  
  47  3:43  Drone  
  47  3:44  Zergling x2  
  50  3:54  Zergling x4  
  52  4:01  Queen, Zergling x4  
  56  4:03  Overlord  
  56  4:04  Overlord  
  56  4:08  Queen  
  58  4:14  Overlord  
  58  4:19  Overlord  
  58  4:23  Queen  
  60  4:25  Zergling x8  
  64  4:32  Drone x3  
  64  4:33  Baneling Nest  
  64  4:34  Drone  
  64  4:35  Drone  
  64  4:36  Drone  
  64  4:38  Drone  
  68  4:40  Zergling x2  
  68  4:44  Drone  
  70  4:46  Drone  
  70  4:49  Drone x2  
  73  4:55  Drone x2, Spore Crawler  
  73  4:57  Spore Crawler  
  73  4:58  Queen  
  75  5:00  Zergling x2  
  75  5:06  Zergling x2  
  75  5:07  Zergling x4  
  77  5:15  Zergling x12  
  77  5:20  Lair  
  79  5:22  Baneling x2  
  79  5:23  Zergling x4  
  81  5:29  Drone x4  
  81  5:33  Baneling x8  
  85  5:36  Drone x4  
  85  5:40  Extractor x2  
  83  5:44  Drone  
  83  5:48  Drone x2, Spore Crawler  
  85  5:51  Drone  
  85  5:52  Drone  
  85  5:55  Drone  
  84  5:58  Zergling x2  
  84  5:59  Zergling x2  
  84  6:02  Drone  
  86  6:07  Extractor  
  86  6:08  Extractor  
  86  6:09  Drone x6  
  86  6:13  Drone x2  
  86  6:17  Evolution Chamber  
  86  6:18  Evolution Chamber, Zergling x4  
  85  6:24  Zergling x8  
  89  6:25  Zergling x2  
  89  6:29  Extractor  
  89  6:30  Hydralisk Den  
  89  6:32  Drone  
  88  6:34  Drone  
  88  6:36  Overseer  
  89  6:43  Drone  
  89  6:45  Zerg Missile Weapons Level 1, Zerg Melee Weapons Level 1  
  89  6:47  Hatchery  
  89  6:53  Overlord  
  88  6:57  Overlord  
  88  7:01  Muscular Augments, Centrifical Hooks  
  88  7:03  Overlord  
  88  7:04  Zergling x2  
  88  7:06  Overlord  
  88  7:08  Baneling x2  
  89  7:10  Overlord  
  89  7:11  Overlord x2  
  89  7:14  Hydralisk x3  
  95  7:16  Zergling x8  
  95  7:17  Zergling x4  
  95  7:18  Baneling  
  95  7:19  Baneling  
  95  7:21  Zergling x4  
  103  7:28  Zergling x6  
  106  7:32  Hydralisk x4  
  106  7:34  Hydralisk  
  106  7:36  Overlord  
  112  7:37  Hydralisk  
  112  7:43  Hydralisk  
  116  7:50  Hydralisk x2  
  120  7:56  Hydralisk  
  122  8:02  Zergling x12  
  130  8:09  Overlord  
  130  8:10  Overlord  
  130  8:11  Overlord  
  130  8:13  Overlord  
  130  8:14  Overlord  
  130  8:16  Grooved Spines  
  130  8:17  Overlord  
  130  8:18  Overlord  
  128  8:21  Hydralisk x3  
  129  8:29  Hydralisk  
  129  8:30  Zergling x8  
  135  8:35  Zergling x4  
  135  8:40  Hydralisk x3  
  143  8:43  Zergling x6  
  146  8:48  Zergling x8  
  146  8:51  Baneling x5  
  150  8:58  Overlord  
  150  8:59  Zergling x8  
  142  9:04  Zergling x2  
  142  9:05  Zergling x8  
  143  9:11  Baneling x9  
  143  9:13  Zergling x2  
  143  9:15  Hydralisk  
  146  9:21  Zergling x6  
  149  9:29  Overseer  
Tags
 
Add a new tag
Caveats
  • Supply blocks, unpowered buildings, or Contaminate may cause inaccurate times.
  • Supply counts are checked every 10 seconds.